 Dungeon Crawl Stone Soup version 0.31.0-9-g3a7656b989 (webtiles) character file.

Game seed: 7046906564964652595

279 qw the Skirmisher (level 6, -2/35 HPs)
             Began as a Deep Elf Hunter on Feb 2, 2024.
             Incinerated by a bombardier beetle (5 damage)
             ... with a burning spray
             ... on level 4 of the Dungeon.
             The game lasted 00:00:11 (2667 turns).

qw the Skirmisher (Deep Elf Hunter)                 Turns: 2667, Time: 00:00:12

Health: -2/35      AC:  9    Str:  9 (10) XL:     6   Next: 5%
Magic:  8/8        EV: 11    Int: 12 (14) God:
Gold:   185        SH:  4    Dex: 18      Spells: 5/5 levels left

rFire   . . .        a - +0 shortbow
rCold   + . .        (shield currently unavailable)
rNeg    . . .        h - +2 ring mail
rPois   .            (no helmet)
rElec   .            j - +1 cloak
rCorr   +            (no gloves)
SInv    .            (no boots)
Will    .....        (no amulet)
Stlth   +            f - ring of resist corrosion
HPRegen 0.25/turn    (no ring)
MPRegen 0.11/turn

%: no passive effects
@: on fire, glowing
A: large bone plates 1, cold resistance 1
a: no special abilities


You were on level 4 of the Dungeon.
You visited 1 branch of the dungeon, and saw 4 of its levels.

You collected 185 gold pieces.


Innate Abilities, Weirdness & Mutations

You are partially covered in large bone plates. (SH +4)
Your flesh is cold resistant. (rC+)


   Skills:
 - Level 2.1 Fighting
 + Level 9.4 Ranged Weapons
 - Level 2.4 Dodging
 - Level 1.2 Stealth


You had 5 spell levels left.
You didn't know any spells.
Your spell library was empty.

Inventory:

Hand Weapons
 a - a +0 shortbow (weapon)
Armour
 h - a +2 ring mail (worn)
 j - a +1 cloak (worn)
Jewellery
 f - a ring of resist corrosion (left hand)
 g - a ring of magical power
Wands
 i - a wand of iceblast (8)
 n - a wand of flame (18)
Scrolls
 b - 5 scrolls of identify
Potions
 c - a potion of mutation
 d - a potion of curing
 e - a potion of might {unknown}
 k - a potion of invisibility {unknown}

Dungeon Overview and Level Annotations

Branches:
Dungeon (4/15)
 Temple: D:4-7

Altars:
Cheibriados
Fedhas


Message History

The liquid fire burns you!
You shoot an arrow. The arrow hits the bombardier beetle!
You kill the bombardier beetle!
The liquid fire burns you!
Your Fighting skill increases to level 2!
You have reached level 6!
You are on fire!
The liquid fire burns you!
Your surroundings suddenly seem different.
A ball python comes into view.
Found a hat.
Found a stone staircase leading up.
The ball python hisses angrily.
An orc comes into view. It is wielding a +0 dagger.
Enter note:
Enter note: You shoot an arrow.
The arrow closely misses the ball python.
The orc shouts!
The liquid fire burns you!
You shoot an arrow.
The arrow hits the ball python but does no damage.
The liquid fire burns you!
You shoot an arrow.
The arrow hits the ball python but does no damage.
The liquid fire burns you!
You shoot an arrow.
The arrow closely misses the ball python.
The liquid fire burns you! The ball python barely misses you.
The ball python grabs you. The ball python constricts you.
The ball python bites you but does no damage.
The ball python constricts you.
You shoot an arrow.
The arrow barely misses the ball python.
The liquid fire burns you! The ball python barely misses you.
The ball python constricts you.
You shoot an arrow. The arrow hits the ball python!
You kill the ball python!
The liquid fire burns you!
You die...

..........##.
)....%...#...
#.#..............#
#...###..###.
#.##.............# #
#### #.
#................### .
..
..........#.##.....###..
..
.........)..##.........#
.
........................
........................
................@.......
.........#.#...........#
...###...###....o......#
.....##..# #..........##
#....# .. #..[........#
....... .........<##..
..#..## .#........## .
..#### #......### ..#


You could see an orc.

Vanquished Creatures
  An ogre (D:4)
  A bombardier beetle (D:4)
  An iguana (D:3)
  6 adders
  2 dart slugs
  A ribbon worm (D:2)
  3 orcs (D:3)
  5 ball pythons
  10 endoplasms
  3 giant cockroaches
  5 goblins
  4 hobgoblins
  3 jackals (D:1)
  4 kobolds
  3 quokkas
  7 bats
  10 frilled lizards
  4 rats
73 creatures vanquished.

Notes
Turn   | Place    | Note
-------+----------+-------------------------------------------
     0 | D:1      | qw the Deep Elf Hunter began the quest for the Orb.
     0 | D:1      | Reached XP level 1. HP: 12/12 MP: 3/3
     0 | D:1      | 0 ||| qw: Version: 0.3-a-155-g5e7d8dd
     0 | D:1      | 0 ||| qw: Game counter: 1693
     0 | D:1      | 0 ||| qw: Melee chars always use a shield: true
     0 | D:1      | 0 ||| qw: God list: Okawaru
     0 | D:1      | 0 ||| qw: Allow faded altars: false
     0 | D:1      | 0 ||| qw: Do Orc after clearing Dungeon:15 true
     0 | D:1      | 0 ||| qw: Do second Lair branch before Depths: true
     0 | D:1      | 0 ||| qw: Lair rune preference: random
     0 | D:1      | 0 ||| qw: Goals: Normal
     0 | D:1      | 0 ||| PLANNING D:1-11
   101 | D:1      | Reached skill level 6 in Ranged Weapons
   101 | D:1      | Reached XP level 2. HP: 14/16 MP: 4/4
   345 | D:1      | You fall into a shaft and drop 1 floor!
   368 | D:2      | 368 ||| UPGRADING to ring of resist corrosion.
   369 | D:2      | 369 ||| DRINKING 2 inky potions.
   370 | D:2      | 370 ||| DROPPING scroll of butterflies.
   378 | D:2      | Reached XP level 3. HP: 20/20 MP: 5/5
   778 | D:1      | Reached skill level 7 in Ranged Weapons
   844 | D:1      | 844 ||| UPGRADING to +0 ring mail.
   854 | D:1      | 854 ||| DROPPING +0 leather armour.
   855 | D:1      | 855 ||| READING scroll labelled LEUGHIC HANOOC.
   855 | D:1      | 855 ||| ENCHANTING +0 ring mail.
   960 | D:2      | HP: 5/20 [poisoned by an adder]
   970 | D:2      | 970 ||| FLEEEEING.
   972 | D:2      | 972 ||| FLEEEEING.
   973 | D:2      | 973 ||| FLEEEEING.
   974 | D:2      | 974 ||| FLEEEEING.
   991 | D:2      | 991 ||| FLEEEEING.
   992 | D:2      | 992 ||| FLEEEEING.
   993 | D:2      | 993 ||| FLEEEEING.
  1130 | D:2      | Found a snail-covered altar of Cheibriados.
  1375 | D:2      | Reached XP level 4. HP: 25/25 MP: 6/6
  1630 | D:2      | 1630 ||| READING scroll labelled IRA EZIRCHIOM.
  1860 | D:3      | 1860 ||| READING scroll of enchant armour.
  1860 | D:3      | 1860 ||| ENCHANTING +1 ring mail.
  1874 | D:3      | HP: 6/25 [orc/+0 club (3)]
  1879 | D:3      | HP: 4/25 [orc/+0 club (3)]
  1976 | D:3      | Found a faded altar of an unknown god.
  2169 | D:3      | Reached skill level 8 in Ranged Weapons
  2309 | D:3      | 2309 ||| UPGRADING to +1 cloak.
  2314 | D:3      | 2314 ||| DROPPING scarf of harm.
  2315 | D:3      | 2315 ||| READING scroll labelled ARAXIDW IQOJA.
  2315 | D:3      | 2315 ||| IDENTIFYING metallic emerald potion
  2316 | D:3      | 2316 ||| READING scroll labelled INEEVU ORGHYI.
  2417 | D:3      | 2417 ||| DRINKING 2 sedimented white potions.
  2417 | D:3      | Gained mutation: Your flesh is cold resistant. (rC+)
                  | [potion of mutation]
  2417 | D:3      | Gained mutation: You are partially covered in large bone
                  | plates. (SH +4) [potion of mutation]
  2418 | D:3      | 2418 ||| DRINKING 2 murky puce potions.
  2419 | D:3      | 2419 ||| DRINKING 2 dark potions.
  2420 | D:3      | 2420 ||| DROPPING potion of brilliance.
  2421 | D:3      | 2421 ||| DROPPING potion of degeneration.
  2438 | D:4      | Found a blossoming altar of Fedhas.
  2444 | D:4      | 2444 ||| STAIRDANCE
  2453 | D:3      | Reached XP level 5. HP: 21/29 MP: 7/7
  2598 | D:4      | Noticed an ogre
  2599 | D:4      | 2599 ||| ZAPPING wand of flame (24) at 6,5 (ogre; floor).
  2600 | D:4      | 2600 ||| ZAPPING wand of flame (23) at 5,5 (ogre; floor).
  2601 | D:4      | 2601 ||| ZAPPING wand of flame (22) at 4,4 (ogre; floor).
  2602 | D:4      | 2602 ||| ZAPPING wand of flame (21) at 3,3 (ogre; floor).
  2603 | D:4      | 2603 ||| ZAPPING wand of flame (20) at 2,2 (ogre; floor).
  2604 | D:4      | 2604 ||| ZAPPING wand of flame (19) at 1,1 (ogre; floor).
  2604 | D:4      | Killed an ogre
  2605 | D:4      | Reached skill level 9 in Ranged Weapons
  2657 | D:4      | HP: 6/30 [burnt (4)]
  2658 | D:4      | 2658 ||| READING scroll of teleportation.
  2658 | D:4      | HP: 2/30 [burnt (4)]
  2659 | D:4      | 2659 ||| DRINKING potion of heal wounds.
  2661 | D:4      | Reached XP level 6. HP: 25/35 MP: 8/8
  2665 | D:4      | HP: 8/35 [burnt (2)]
  2666 | D:4      | HP: 3/35 [burnt (4)]
  2667 | D:4      | Incinerated by a bombardier beetle

Levels and vault maps discovered:
D:1:      elethiomel_arrival_quiet, layout_basic, chequers_serial_rivers_micro_d
D:2:      layout_loops_ring, basic_altar, minmay_lizard_king
D:3:      layout_loops_ring, shapermc_ecumenical_altar_acropolis
D:4:      layout_cave_pools, lemuel_crystal_altar

Skill      XL: |  1  2  3  4  5 |
---------------+----------------+-----
Ranged Weapons | 6 7 8 9 |  9.4
Fighting       | 2 |  2.1
Dodging        | |  2.4
Stealth        | |  1.2

Action                     |  1- 3 |  4- 6 || total
---------------------------+-------+-------++-------
   Fire: Shortbow          |   109 |   119 ||   228
  Evoke: Wand              |       |     6 ||     6
    Use: Potion            |     1 |     4 ||     5
         Scroll            |     1 |     5 ||     6
 Armour: Leather armour    |    19 |       ||    19
         Ring mail         |    14 |    39 ||    53
  Dodge: Dodged            |    27 |    38 ||    65

Table legend:
 A = Non-vault XP
 B = Vault XP
 C = Vault XP percentage of total XP
 D = Non-vault monster count
 E = Vault monster count
 F = Vault count percentage of total count
                 A         B        C        D         E       F
            +---------+---------+-------+---------+---------+-------
      Total |     395 |       6 |   1.5 |      67 |       6 |   8.2
            +---------+---------+-------+---------+---------+-------
        D:1 |      37 |       0 |   0.0 |      20 |       0 |   0.0
        D:2 |      74 |       6 |   7.5 |      17 |       6 |  26.1
        D:3 |      96 |       0 |   0.0 |      20 |       0 |   0.0
        D:4 |     188 |       0 |   0.0 |      10 |       0 |   0.0
            +---------+---------+-------+---------+---------+-------
